 Dungeon Sprint DCSS version 0.28-a0-1567-g1695149f81 (webtiles) character file.

Game seed: 15578890328383301283

61 DarkBird the Covert (level 3, -11/14 HPs)
             Began as a Felid Enchanter on Jan 19, 2022.
             Mangled by a water elemental (22 damage)
             ... in the Dungeon (Sprint III: "The Ten Rune Challenge").
             The game lasted 00:01:59 (112 turns).

DarkBird the Covert (Felid Enchanter)                Turns: 112, Time: 00:02:00

Health: -11/14     AC:  1    Str:  6    XL:     3   Next: 83%
Magic:  7/8        EV: 18    Int: 16    God:
Gold:   21         SH:  0    Dex: 16    Spells: 2/7 levels left
                                        Lives:  0   Deaths: 0

rFire   . . .      SeeInvis +     - Unarmed
rCold   . . .      Faith    .   (shield unavailable)
rNeg    . . .      Spirit   .   (armour unavailable)
rPois   .          Reflect  .   (helmet unavailable)
rElec   .          Harm     .   (cloak unavailable)
rCorr   .          Rampage  .   (gloves unavailable)
Will    .....      NoTele   +   (boots unavailable)
Stlth   ++++......              (no amulet)
HPRegen 0.04/turn               (no ring)
MPRegen 0.11/turn               (no ring)

@: hasted, invisible, very quick
A: very small, claws 1, fangs 3, see invisible, speed 1, shaggy fur 1, stealthy
paws, no weapons or thrown items, no armour, multi-lived
a: no special abilities


You were in the Dungeon.
You visited 1 branch You collected 21 gold pieces.

Inventory:

Scrolls
 d - a scroll of immolation {unknown}
 g - a scroll of blinking
 h - 2 scrolls of identify {unknown}
 k - a scroll of holy word {unknown}
Potions
 b - a potion of curing
 c - a potion of heal wounds
 e - a potion of magic
 f - a potion of berserk rage
 i - a potion of flight {unknown}
 j - 6 potions of mutation
 l - a potion of brilliance {unknown}


   Skills:
 * Level 4.3 Dodging
 * Level 8.3 Stealth
 * Level 2.7 Unarmed Combat
 + Level 2.8 Spellcasting
 + Level 6.4 Hexes
 + Level 0.4 Ice Magic


You had 2 spell levels left.
You knew the following spells:

 Your Spells              Type           Power      Damage    Failure   Level
a - Ensorcelled Hibernat  Hex/Ice        26%        N/A       7%          2
b - Confusing Touch       Hex            22%        N/A       4%          3

Your spell library contained the following spells:

 Spells                   Type           Power      Damage    Failure   Level
 Tukima's Dance           Hex            22%        N/A       4%          3
 Dazzling Flash           Conj/Hex       24%        N/A       16%         3
 Gell's Gravitas          Tloc           2%         N/A       50%         3
 Lesser Beckoning         Tloc           2%         N/A       50%         3
 Teleport Other           Tloc           2%         N/A       50%         3


Dungeon Overview and Level Annotations

Branches:
Dungeon (1/1)

Altars:


Innate Abilities, Weirdness & Mutations

You have sharp claws.
You have razor-sharp teeth.
You have supernaturally acute eyesight. (SInv)
You cover ground quickly. (Speed+)
You are covered in fur. (AC +1)
Your paws help you pounce on unaware monsters.
You are incapable of wielding weapons or throwing items.
You cannot wear armour.
You gain extra lives every three experience levels.


Message History

You kill the human!
Your Dodging skill increases to level 4!
Your Hexes skill increases to level 6!
You see here a human corpse.
You enter the shallow water.
Moving in this stuff is going to be slow.
A wolf comes into view.
You pounce on the unaware helpless wolf!
You mangle the wolf!!
You kill the wolf!
Your Stealth skill increases to level 8!
You open the door.
Found 9 gold pieces and 2 potions of mutation.
There is an open door here.
You now have 17 gold pieces (gained 5).
d - a scroll labelled JORGHO SIGYT;
h - a scroll labelled ELONE BEPNA
i - a puce potion
Things that are here:
a potion of mutation; 2 potions of mutation
j - a potion of mutation;
j - 3 potions of mutation (gained 2)
j - 4 potions of mutation (gained 1);
k - a scroll labelled WYTAZO XESI
h - 2 scrolls labelled ELONE BEPNA (gained 1)
j - 6 potions of mutation (gained 2);
l - a green potion You now have 21 gold pieces (gained 4).
There is an open door here.
You enter the shallow water.
Moving in this stuff is going to be slow.
You fade into invisibility!
You open the door.
A water elemental comes into view.
There is an open door to the Ecumenical Temple here.
Attack: -) Teeth and claws
Press: ? - help, Dir - move target, f - water elemental
Aim: a water elemental (dormant, about 2% to evade your paws)
The helpless water elemental fails to defend itself.
You mangle the water elemental!! Your bite misses the water elemental.
The water elemental is almost destroyed.
The water elemental hits you!!
Ouch! That really hurt!
You die...

▓▓▓▓▓▓▓▓ ▓▓▓ #..'...♣♣♣♣
♣.# #..#......♣ ♣♣.#
####......♣ ♣..#
...#....≈♣♣♣♣..###+#+###
...#...≈≈♣.♣.♣.#........
...#..≈≈≈≈.♣...'.⌠......
##'#..≈≈≈≈≈≈♣..#@..####
...#.≈≈≈≈≈≈....#.E.#
.).#.≈≈≈≈≈.....#...#
...#.≈≈≈.......#+###
####....†......#
...............#
▓▓▓▓▓▓▓▓▓▓▓▓▓▓▓▓


You could see a water elemental.

Vanquished Creatures
  Jessica (D)
  A human (D)
  A wolf (D)
  An endoplasm (D)
  2 rats (D)
6 creatures vanquished.

Notes
Turn   | Place    | Note
-------+----------+-------------------------------------------
     0 | D        | DarkBird the Felid Enchanter began the quest for the Orb.
     0 | D        | Reached XP level 1. HP: 7/7 MP: 4/4
     9 | D        | Reached skill level 5 in Stealth
    13 | D        | Noticed Jessica
    16 | D        | Killed Jessica
    17 | D        | Reached skill level 7 in Stealth
    17 | D        | Reached skill level 5 in Hexes
    17 | D        | Reached XP level 2. HP: 11/11 MP: 6/6
    18 | D        | Reached XP level 3. HP: 14/14 MP: 7/7
    26 | D        | Learned a level 2 spell: Ensorcelled Hibernation
    30 | D        | Learned a level 3 spell: Confusing Touch
    81 | D        | Reached skill level 8 in Stealth
   109 | D        | Noticed a water elemental
   112 | D        | Mangled by a water elemental

Illustrated notes

Levels and vault maps discovered:
D:        dungeon_sprint_mu [sprint_mu_entry_forest, sprint_mu_temple_rooms,
          sprint_mu_d1_spiders, sprint_mu_d2_genie, sprint_mu_d3_branching,
          sprint_mu_orc_legion, sprint_mu_elf_gauntlet, sprint_mu_hive_nellie,
          sprint_mu_lair_fedhas, sprint_mu_vaults_butterflies,
          sprint_mu_slime_circle, sprint_mu_swamp_cave, sprint_mu_snake_twists,
          sprint_mu_blade_basic, sprint_mu_crypt_chambers,
          sprint_mu_tomb_spiral, sprint_mu_vestibule_basic,
          sprint_mu_gehenna_hellfire, sprint_mu_dis_giant,
          sprint_mu_tartarus_statrot, sprint_mu_cocytus_islands, sprint_mu_zot1]

Skill      XL: |  1  2  3 |
---------------+----------+-----
Stealth        | 7 8 |  8.3
Dodging        | 3 4 |  4.3
Unarmed Combat | 2 |  2.7
Hexes          | 5 6 |  6.4
Spellcasting   | |  2.8
Ice Magic      | |  0.4

Action                   || total
-------------------------++-------
Melee: Unarmed           ||    15
       Bite              ||     1
 Cast: Ensorcelled Hiber ||     5
  Use: Potion            ||     3
 Stab: Sleeping          ||     6
Dodge: Dodged            ||     8

Table legend: (Time is in decaauts)
 A = Elapsed time spent in this place.
 B = Non-inter-level travel time spent in this place.
 C = Inter-level travel time spent in this place.
 D = Time resting spent in this place.
 E = Time spent auto-exploring this place.
 F = Levels seen in this place.
 G = Mean time per level.
                   A        B        C        D        E       F      G
               +--------+--------+--------+--------+--------+-----+--------+
         Total |     84 |     77 |      7 |      0 |      0 |   1 |   84.0 |
       Dungeon |     84 |     77 |      7 |      0 |      0 |   1 |   84.0 |
               +--------+--------+--------+--------+--------+-----+--------+

Top non-repeatable levels by time:
       D: 84 daAuts
